 Dungeon Crawl Stone Soup version 0.32-a0-872-g59262bdc9b (webtiles) character file.

Game seed: 8498117572500966606

79 KennySheep the Chopper (level 4, 0/40 HPs)
             Began as a Mountain Dwarf Cinder Acolyte on Mar 30, 2024.
             Was a High Priest of Ignis.
             Slain by an orc
             ... wielding a +0 morningstar
              (4 damage)
             ... on level 3 of the Dungeon.
             The game lasted 00:05:47 (1919 turns).

KennySheep the Chopper (MDCA)                       Turns: 1919, Time: 00:05:48

Health: 0/40       AC:  9    Str: 18    XL:     4   Next: 16%
Magic:  5/5        EV: 10    Int: 15    God:    Ignis [*****.]
Gold:   147        SH:  0    Dex:  5    Spells: 1/5 levels left

rFire   + . .        a - -1 hand axe (flame)
rCold   . . .        (no shield)
rNeg    . . .        b - +0 robe
rPois   .            (no helmet)
rElec   .            (no cloak)
rCorr   .            (no gloves)
SInv    .            (no boots)
Will    .....        (no amulet)
Stlth   +            (no ring)
HPRegen 0.26/turn    (no ring)
MPRegen 0.09/turn

%: no passive effects
@: fiery-armoured
A: runic magic, artefact enchanting
a: Renounce Religion, Fiery Armour, Foxfire Swarm, Rising Flame


You were on level 3 of the Dungeon.
You worshipped Ignis.
Ignis was extremely pleased with you.
You visited 1 branch of the dungeon, and saw 3 of its levels.

You collected 147 gold pieces.

Inventory:

Hand Weapons
 a - a -1 hand axe of flaming (weapon)
Armour
 b - a +0 robe (worn)
 s - a +0 helmet
Jewellery
 d - an amulet of regeneration
 f - a ring of positive energy
 q - a ring of magical power
 r - a ring of fire
Scrolls
 c - a scroll of enchant armour {unknown}
 g - a scroll of fear {unknown}
 h - a scroll of identify {unknown}
 j - 3 scrolls of teleportation {unknown}
 l - 2 scrolls of immolation {unknown}
 o - a scroll of enchant weapon {unknown}
Potions
 e - 2 potions of magic {unknown}
 i - a potion of berserk rage {unknown}
 k - a potion of might {unknown}
 m - a potion of attraction {unknown}
 n - a potion of resistance {unknown}
 p - a potion of enlightenment {unknown}


   Skills:
 + Level 4.2 Fighting
 + Level 4.5 Axes
 + Level 2.2 Armour
 - Level 1.0 Spellcasting
 - Level 3.6 Fire Magic


You had one spell level left.
You knew the following spells:

 Your Spells              Type           Power      Damage    Failure   Level
a - Scorch                Fire           22%        2d5       9%          2
b - Blink                 Tloc           0%         N/A       36%         2

Your spell library contained the following spells:

 Spells                   Type           Power      Damage    Failure   Level
 Lesser Beckoning         Tloc           0%         N/A       36%         2
 Momentum Strike          Conj/Tloc      0%         3d8       36%         2


Dungeon Overview and Level Annotations

Branches:
Dungeon (3/15)

Altars:
Hepliaklqana
Ru


Innate Abilities, Weirdness & Mutations

Your spellcasting is much less encumbered by armour.
You can use scrolls of enchantment on lesser artefacts.


Message History

s - a +0 helmet An orc comes into view. It is wielding a +0 flail.
The orc shouts!
You hear a shout! x2
An orc is nearby!
The orc barely misses you.
An orc comes into view. It is wielding a +0 morningstar.
You barely miss the orc. The orc hits you with a +0 flail.
You hit the orc. You burn the orc.
You kill the orc!
The orc hits you with a +0 morningstar!
You see here a +0 flail.
You hit the orc but do no damage. The orc barely misses you.
You barely miss the orc. The orc hits you with a +0 morningstar!
You hit the orc but do no damage. The orc barely misses you.
You hit the orc but do no damage. The orc closely misses you.
You hit the orc but do no damage. The orc hits you with a +0 morningstar!
* * * LOW HITPOINT WARNING * * *
A protective cloak of flame settles atop you.
The orc barely misses you.
You completely miss the orc.
An orc comes into view. It is wielding a +0 short sword.
The orc hits you with a +0 morningstar.
* * * LOW HITPOINT WARNING * * *
The orc is burned by your cloak of flames.
The orc is severely wounded.
The orc shouts!
You hit the orc but do no damage.
The orc is severely wounded.
The orc hits you but does no damage.
The orc is burned by your cloak of flames.
The orc is almost dead.
You hit the orc but do no damage.
The orc is almost dead.
The orc barely misses you.
You barely miss the orc.
The orc is almost dead.
You closely miss the orc. The orc barely misses you.
The orc hits you but does no damage. The orc hits you with a +0 morningstar.
You die...
Ignis goes out, and joins you in death.

##....._.....### #
##.#.......#...####.####
##.#.......#.#..........
##.# ..... #...#.##.###
...# ##.## #.###.# .#
... ...# #.# ## #.####
#.# #.######.# .......@#
.#####oo# #..# #... #.##
#. #. #.


You could see 2 orcs.

Vanquished Creatures
  An adder (D:2)
  A ribbon worm (D:2)
  4 dart slugs
  An orc (D:3)
  7 endoplasms
  4 giant cockroaches
  3 hobgoblins
  4 quokkas
  4 ball pythons
  5 bats
  10 frilled lizards
  6 goblins
  A kobold (D:2)
  5 rats
56 creatures vanquished.

Notes
Turn   | Place    | Note
-------+----------+-------------------------------------------
     0 | D:1      | KennySheep the Mountain Dwarf Cinder Acolyte began the
                  | quest for the Orb.
     0 | D:1      | Reached XP level 1. HP: 19/19 MP: 2/2
   186 | D:1      | Reached XP level 2. HP: 17/26 MP: 3/3
   188 | D:1      | Reached skill level 1 in Armour
   779 | D:2      | Reached XP level 3. HP: 27/33 MP: 4/4
  1329 | D:2      | Found a sacrificial altar of Ru.
  1551 | D:2      | Reached XP level 4. HP: 20/40 MP: 5/5
  1712 | D:2      | Learned a level 2 spell: Scorch
  1715 | D:2      | Learned a level 2 spell: Blink
  1867 | D:3      | Found a hazy altar of Hepliaklqana.
  1919 | D:3      | Slain by an orc

Illustrated notes

Levels and vault maps discovered:
D:1:      reono_arrival_forest_river, layout_basic, minmay_lizard_pond
D:2:      kennysheep_six_static_rooms, layout_loops_ring, basic_altar
D:3:      layout_loops_ring, old_standard_altar

Skill      XL: |  1  2  3 |
---------------+----------+-----
Armour         | 1 2 |  2.2
Axes           | 4 |  4.5
Fighting       | 4 |  4.2
Spellcasting   | |  1.0
Fire Magic     | |  3.6

Action                     |  1- 3 |  4- 6 || total
---------------------------+-------+-------++-------
  Melee: Hand axe          |   116 |    39 ||   155
 Invoke: Fiery Armour      |       |     1 ||     1
 Armour: Robe              |    89 |    25 ||   114
  Dodge: Dodged            |    58 |    24 ||    82

Table legend: (Time is in decaauts)
 A = Elapsed time spent in this place.
 B = Non-inter-level travel time spent in this place.
 C = Inter-level travel time spent in this place.
 D = Time resting spent in this place.
 E = Time spent auto-exploring this place.
 F = Levels seen in this place.
 G = Mean time per level.
                   A        B        C        D        E       F      G
               +--------+--------+--------+--------+--------+-----+--------+
         Total |   1948 |   1921 |     27 |      0 |   1581 |   3 |  649.3 |
       Dungeon |   1948 |   1921 |     27 |      0 |   1581 |   3 |  649.3 |
               +--------+--------+--------+--------+--------+-----+--------+

Top non-repeatable levels by time:
     D:2: 1016 daAuts
     D:1: 740 daAuts
     D:3: 190 daAuts
